Map: Mist Opportunities

Players

Willdroyd

  • Race: Zerg Zerg

maohei

  • Race: Protoss Protoss
  • Spawn Location: 5:00

VOD

Have the link to the VOD?

Description

Co-oP Mist Opportunities bugged

Time

  • Played on: April 25, 2021, 2:13 a.m.
  • Length: 30:04
Show
View Real Time Build Order
Export as new Build Order

Willdroyd Zerg 

Build Orders:  

Get SALT Encoding   

  18  0:06  Primal Drone  
  19  0:26  Extractor x2  
  19  0:31  Primal Drone  
  20  0:40  Primal Drone  
  20  0:42  Primal Drone  
  22  1:15  Primal Warden  
  23  1:25  Primal Drone  
  23  1:29  Primal Drone  
  25  1:36  Primal Drone  
  26  1:46  Primal Drone  
  27  1:52  Primal Drone  
  28  2:07  Primal Drone  
  29  2:15  Primal Drone  
  29  2:19  Primal Zergling  
  31  2:33  Primal Drone  
  31  2:39  Primal Zergling  
  33  2:46  Glevig's Den  
  32  3:02  Primal Drone x2  
  34  3:26  Primal Drone  
  35  3:36  Primal Drone  
  36  4:04  Primal Drone x2  
  43  4:12  Primal Hive  
  43  4:54  Primal Warden  
  43  5:13  Primal Drone x2  
  43  5:14  Primal Drone x2  
  43  5:41  Primal Drone  
  43  5:42  Primal Drone  
  44  6:04  Primal Drone  
  44  6:05  Primal Drone x3  
  48  6:26  Murvar's Den  
  47  6:31  Primal Hive  
  47  6:36  Primal Drone  
  47  6:37  Primal Drone x3  
  51  6:47  Primal Drone  
  51  6:48  Primal Drone  
  53  7:10  Primal Drone x2  
  53  7:11  Extractor x2  
  55  7:51  Primal Drone  
  55  7:52  Primal Drone x5  
  61  8:20  Primal Drone  
  61  8:21  Primal Drone  
  61  8:22  Primal Drone x2  
  64  8:43  Primal Swarm Host x3  
  64  8:44  Primal Swarm Host x2  
  80  8:51  Primal Warden x2  
  81  10:05  Primal Drone x4  
  81  10:10  Primal Drone  
  42  11:05  Primal Drone x4  
  42  11:06  Primal Drone  
  42  11:08  Primal Swarm Host  
  42  11:09  Primal Swarm Host x5  
  70  11:10  Primal Swarm Host x9  
  70  11:17  Primal Hive  
  97  11:30  Primal Swarm Host x2  
  97  11:31  Primal Swarm Host  
  106  12:02  Primal Drone x3  
  106  12:05  Primal Attacks Level 1  
  109  12:42  Primal Swarm Host  
  109  12:43  Primal Swarm Host x5  
  127  13:50  Primal Swarm Host  
  127  13:51  Primal Swarm Host x2  
  136  14:51  Dakrun's Den  
  136  14:55  Primal Drone  
  136  14:56  Primal Drone x9  
  136  14:58  Primal Carapace Level 1  
  145  15:25  Primal Drone  
  145  15:26  Primal Drone  
  147  15:36  Primal Attacks Level 2  
  147  18:05  Primal Zergling  
  147  18:06  Primal Zergling x14  
  161  20:29  Primal Attacks Level 3, Primal Carapace Level 2  
  161  20:34  Primal Drone  
  161  20:35  Primal Drone x9  
  164  22:35  Aerial Burst Sacs  
  164  22:53  Primal Swarm Host  
  164  22:54  Primal Swarm Host x5  
  164  22:55  Primal Swarm Host x6  
  200  24:13  Primal Carapace Level 3  
Show
View Real Time Build Order
Export as new Build Order

maohei Protoss 

Build Orders:  

Get SALT Encoding   

  12  0:05  Probe (Chrono Boost)  
  13  0:23  Pylon  
  13  0:36  Pylon  
  13  0:41  Assimilator  
  13  0:49  Assimilator  
  13  0:55  Probe (Chrono Boost)  
  14  1:09  Probe (Chrono Boost)  
  15  1:22  Probe (Chrono Boost)  
  16  1:36  Probe (Chrono Boost)  
  17  1:41  Gateway  
  17  1:50  Probe (Chrono Boost)  
  18  2:02  Pylon  
  18  2:04  Probe (Chrono Boost)  
  19  2:18  Probe (Chrono Boost)  
  20  2:34  Probe (Chrono Boost)  
  21  2:44  Gateway  
  21  2:48  Probe (Chrono Boost)  
  22  2:53  Cybernetics Core  
  22  3:00  Forge  
  22  3:05  Forge  
  22  4:08  Pylon  
  22  4:13  Pylon  
  22  4:16  Pylon  
  22  4:26  Nexus  
  22  4:38  Assimilator  
  22  4:43  Assimilator  
  22  4:57  Warp Gate  
  22  5:01  Protoss Ground Armor Level 1, Protoss Ground Weapons Level 1  
  22  5:14  Twilight Council  
  22  5:59  Gateway  
  22  6:03  Gateway  
  22  6:10  Pylon  
  22  6:15  Pylon  
  22  6:18  Probe x2 (Chrono Boost)  
  24  6:30  Blink  
  24  6:32  Probe x2 (Chrono Boost)  
  24  6:34  Stalker  
  28  6:44  Stalker  
  28  6:46  Probe x2 (Chrono Boost)  
  32  7:00  Probe x2 (Chrono Boost)  
  34  7:14  Probe x2 (Chrono Boost)  
  36  7:28  Probe x2 (Chrono Boost)  
  38  7:41  Dark Pylon  
  38  8:03  Phase Reactor  
  38  8:15  Protoss Shields Level 1  
  38  8:16  Protoss Ground Weapons Level 2  
  38  8:22  Probe x2 (Chrono Boost)  
  38  8:27  Stargate  
  40  8:36  Probe (Chrono Boost)  
  41  8:50  Stalker x3  
  41  8:51  Stalker  
  41  9:24  Stalker x2  
  41  9:25  Stalker x2  
  45  10:43  Stalker x4  
  51  10:56  Dark Pylon  
  49  11:11  Gateway  
  49  11:14  Gateway  
  49  11:17  Gateway  
  49  11:19  Gateway  
  49  11:40  Stalker  
  49  11:41  Stalker x3  
  49  11:48  Void Ray  
  61  11:52  Protoss Air Weapons Level 1  
  61  11:55  Shadow Charge  
  61  12:05  Dark Shrine  
  61  12:09  Protoss Ground Weapons Level 3  
  61  12:10  Protoss Ground Armor Level 2  
  61  12:48  Void Ray  
  65  13:27  Dark Pylon  
  65  13:34  Stalker x2  
  65  13:35  Stalker x3  
  65  13:36  Stalker x2  
  65  13:37  Stalker  
  81  13:48  Void Ray  
  85  14:24  Stargate  
  85  14:35  Stargate  
  85  14:48  Void Ray  
  89  15:06  Fleet Beacon  
  89  15:09  Stargate  
  89  15:16  Stargate  
  89  15:18  Gateway  
  89  15:21  Shadow Fury  
  89  15:25  Darkcoil  
  89  15:27  Protoss Ground Armor Level 3  
  89  15:48  Void Ray  
  93  16:13  Photon Cannon  
  93  16:14  Photon Cannon  
  93  16:16  Photon Cannon  
  93  16:17  Photon Cannon  
  93  16:19  Photon Cannon  
  93  16:20  Photon Cannon  
  93  16:23  Photon Cannon  
  93  16:26  Pylon  
  93  16:28  Pylon  
  93  16:29  Oracle  
  93  16:31  Pylon  
  93  16:32  Pylon  
  93  16:34  Pylon  
  93  16:36  Pylon  
  92  16:56  Void Ray x3  
  92  16:59  Oracle  
  104  17:14  Photon Cannon x2  
  104  17:16  Photon Cannon  
  105  17:49  Void Ray  
  109  17:56  Void Ray x3  
  109  17:59  Protoss Air Weapons Level 2  
  121  18:26  Protoss Shields Level 2  
  121  18:49  Void Ray  
  125  18:56  Void Ray x3  
  132  19:11  Dark Pylon  
  132  19:26  Centurion x3  
  132  19:27  Dark Templar  
  132  19:28  Dark Templar x4  
  148  19:36  Oracle x2  
  148  19:49  Void Ray  
  149  19:56  Void Ray  
  141  21:32  Stalker x2  
  141  21:33  Stalker x3  
  141  21:34  Stalker x2  
  141  21:35  Stalker  
  157  21:46  Gateway x2  
  157  21:51  Gateway  
  157  21:55  Gateway  
  157  21:59  Gateway x2  
  157  22:05  Gateway  
  157  22:11  Pylon  
  157  22:17  Pylon  
  157  22:20  Pylon  
  157  22:30  Pylon  
  157  22:34  Pylon  
  157  22:45  Pylon  
  157  22:47  Pylon x2  
  157  22:51  Pylon  
  157  22:52  Pylon  
  157  22:53  Pylon  
  157  22:56  Pylon  
  157  23:55  Protoss Shields Level 3  
  157  23:57  Void Ray x2  
  157  23:58  Void Ray  
  157  23:59  Void Ray  
  173  24:15  Protoss Air Armor Level 1  
  173  24:57  Void Ray x3  
  173  24:59  Void Ray  
  189  25:39  Oracle  
  187  25:57  Void Ray x3  
  195  26:09  Oracle  
  189  28:16  Void Ray x2  
Tags
 
Add a new tag
Caveats
  • Supply blocks, unpowered buildings, or Contaminate may cause inaccurate times.
  • Supply counts are checked every 10 seconds.